 Dungeon Sprint DCSS version 0.30-a0-279-g4b46babb21 (webtiles) character file.

Game seed: 8754627185435532965

728 rocky1 the Unseen (level 8, 0/53 HPs)
             Began as a Kobold Brigand on Oct 17, 2022.
             Was a Believer of Dithmenos.
             Killed from afar by an oklob plant (11 damage)
             ... with a splash of acid
             ... in the Dungeon (Sprint IV: "Fedhas' Mad Dash").
             The game lasted 00:05:34 (912 turns).

rocky1 the Unseen (Kobold Brigand)                   Turns: 912, Time: 00:05:35

Health: 0/53       AC: -5    Str: 10    XL:     8   Next: 3%
Magic:  11/11      EV: 18    Int: 12    God:    Dithmenos [**....]
Gold:   78         SH:  0    Dex: 17    Spells: 7/7 levels left

rFire   . . .      SeeInvis .    j - +0 rapier
rCold   . . .      Faith    .    (no shield)
rNeg    . . .      Spirit   .    b - +0 robe
rPois   .          Reflect  .    (no helmet)
rElec   .          Harm     .    c - +0 cloak
rCorr   .          Rampage  .    (no gloves)
Will    .....      NoTele   +    (no boots)
Stlth   ++++++++++               l - amulet of invisibility {+Inv}
HPRegen 0.28/turn                (no ring)
MPRegen 0.12/turn                (no ring)

@: corroded, wreathed by umbra
A: small, no large weapons, nightstalker 3
a: Renounce Religion, Evoke Invisibility, Shadow Step


You were in the Dungeon.
You worshipped Dithmenos.
Dithmenos was pleased with you.
You visited 1 branch You collected 168 gold pieces.
You spent 90 gold pieces at shops.

Inventory:

Hand Weapons
 a - a +2 dagger
 j - a +0 rapier (weapon)
Missiles
 d - 13 poisoned darts (quivered)
 e - 3 curare-tipped darts
Armour
 b - a +0 robe (worn)
 c - a +0 cloak (worn)
Jewellery
 l - the amulet of invisibility (around neck) {+Inv}
   (You found it in the Dungeon)

   [amulet of nothing]

   +Inv:      It lets you turn invisible.
 n - an amulet of regeneration
Scrolls
 k - 2 scrolls of blinking
Potions
 f - a potion of curing
 g - a potion of heal wounds
 h - a potion of haste
 i - 2 potions of magic
 m - a potion of degeneration {unknown}


   Skills:
 + Level 7.1 Fighting
 + Level 8.5 Short Blades
 - Level 4.0 Throwing
 + Level 6.5 Dodging
 + Level 16.2 Stealth
 + Level 4.5 Invocations
 + Level 3.3 Evocations


You had 7 spell levels left.
You didn't know any spells.
Your spell library was empty.

Dungeon Overview and Level Annotations

Branches:
Dungeon (1/1)

Altars:
Cheibriados
Dithmenos
Elyvilon
Gozag
Hepliaklqana
Kikubaaqudgha
Makhleb
Nemelex Xobeh
Okawaru
Qazlal
Ru
Sif Muna
Trog
Uskayaw
Vehumet
Wu Jian
Xom
Yredelemnul
Zin
The Shining One
Jiyva
Lugonu

Shops:
D :?

Annotations:
D exclusions: oklob plant and oklob sapling


Innate Abilities, Weirdness & Mutations

You are small and have problems with some larger weapons.
You are completely attuned to the shadows.


Message History

The wandering mushroom is almost destroyed.
The wandering mushroom barely misses you.
You start resting.
HP restored.
You start waiting.
Done waiting.
The wandering mushroom barely misses you.
You puncture the wandering mushroom!
You destroy the wandering mushroom!
Dithmenos accepts your kill.
There is an open door here.
Really walk into a travel-excluded area? [Y]es or [N]o only, please.
Really walk into a travel-excluded area? [Y]es or [N]o only, please.
Really walk into a travel-excluded area? [Y]es or [N]o only, please.
Really walk into a travel-excluded area?
Okay, then.
Really walk into a travel-excluded area?
An oklob sapling comes into view.
Marking area around an oklob sapling as unsafe for travelling.
Found a box of beasts.
You hit the oklob plant but do no damage.
You punch the oklob plant.
The oklob plant is lightly damaged.
The oklob sapling spits acid at you. The splash of acid hits you!!
The acid corrodes you!
Unknown command.
Okay, then.
You fail to use your ability.
Unknown command.
You fail to use your ability.
The oklob sapling spits acid at you. The splash of acid hits you!!
* * * LOW HITPOINT WARNING * * *
The acid corrodes you! The oklob plant spits acid at you.
The splash of acid hits you!
You die...

#....'.....'.#...'.._._._._._
#PP.P#.....#.#...#..._._._._.
###############'##.._._._._._
.♣........'...#._._._._._.
....♣.....#...############
..♣..♣..###### ####+######P}+
#....'.......# #..###...@P..#
#### #########


You could see an oklob plant and an oklob sapling.

Vanquished Creatures
  2 burning bushes (D)
  2 scorpions (D)
  4 oklob saplings (D)
  2 spriggans (D)
  A river rat (D)
  A wandering mushroom (D)
  A rat (D)
13 creatures vanquished.

Vanquished Creatures (others)
  4 fungi (D)
4 creatures vanquished.

Grand Total: 17 creatures vanquished

Notes
Turn   | Place    | Note
-------+----------+-------------------------------------------
     0 | D        | rocky1 the Kobold Brigand began the quest for the Orb.
     0 | D        | Reached XP level 1. HP: 12/12 MP: 1/1
    14 | D        | Reached skill level 7 in Stealth
    14 | D        | Reached XP level 2. HP: 18/18 MP: 2/2
    22 | D        | Noticed an oklob sapling
    24 | D        | Killed an oklob sapling
    25 | D        | Reached skill level 9 in Stealth
    25 | D        | Reached XP level 3. HP: 22/22 MP: 3/3
    27 | D        | Noticed a scorpion
    27 | D        | Found the amulet of invisibility {+Inv}
    30 | D        | Killed a scorpion
    31 | D        | Reached skill level 11 in Stealth
    31 | D        | Reached XP level 4. HP: 28/28 MP: 4/4
    59 | D        | Found an opulent altar of Gozag.
    59 | D        | Found a sacrificial altar of Ru.
    60 | D        | Found a burning altar of Makhleb.
    60 | D        | Found an ornate altar of the Wu Jian Council.
    60 | D        | Found a shimmering altar of Xom.
    61 | D        | Found a hazy altar of Hepliaklqana.
    61 | D        | Found a shimmering blue altar of Sif Muna.
    62 | D        | Found a sparkling altar of Nemelex Xobeh.
    62 | D        | Found a snail-covered altar of Cheibriados.
    62 | D        | Found a basalt altar of Yredelemnul.
    63 | D        | Found a viscous altar of Jiyva.
    63 | D        | Found a bloodstained altar of Trog.
    63 | D        | Noticed an oklob sapling priest
    64 | D        | Found an iron altar of Okawaru.
    64 | D        | Found a shadowy altar of Dithmenos.
    64 | D        | Found a glowing silver altar of Zin.
    65 | D        | Found an ancient bone altar of Kikubaaqudgha.
    65 | D        | Found a hide-covered altar of Uskayaw.
    66 | D        | Found a stormy altar of Qazlal.
    66 | D        | Found a white marble altar of Elyvilon.
    66 | D        | Found a glowing golden altar of the Shining One.
    67 | D        | Killed an oklob sapling priest
    68 | D        | Reached skill level 13 in Stealth
    68 | D        | Reached XP level 5. HP: 33/33 MP: 5/5
    71 | D        | Found a radiant altar of Vehumet.
    71 | D        | Found a corrupted altar of Lugonu.
    77 | D        | Became a worshipper of Dithmenos the Shadowed
    95 | D        | Reached skill level 14 in Stealth
   111 | D        | Reached skill level 5 in Short Blades
   111 | D        | Reached XP level 6. HP: 35/39 MP: 6/6
   115 | D        | Reached * piety under Dithmenos
   119 | D        | Reached skill level 5 in Fighting
   289 | D        | Found Bejoan's Magic Scroll Shop.
   289 | D        | Found Valezioq's Book Emporium.
   295 | D        | Bought a scroll of blinking for 90 gold pieces
   330 | D        | Reached skill level 15 in Stealth
   350 | D        | Noticed a burning bush
   354 | D        | Killed a burning bush
   354 | D        | Reached ** piety under Dithmenos
   355 | D        | Reached skill level 5 in Dodging
   355 | D        | Reached XP level 7. HP: 47/47 MP: 6/9
   367 | D        | Noticed a burning bush
   369 | D        | Killed a burning bush
   370 | D        | Reached skill level 16 in Stealth
   370 | D        | Reached XP level 8. HP: 53/53 MP: 7/11
   371 | D        | Noticed an oklob plant
   378 | D        | Noticed a wandering mushroom
   912 | D        | Killed from afar by an oklob plant

Illustrated notes

Levels and vault maps discovered:
D:        dungeon_sprint_fedhas [sprint_temple]

Skill      XL: |  1  2  3  4  5  6  7 |
---------------+----------------------+-----
Short Blades   | 3 4 5 7 8 |  8.5
Stealth        | 7 9 11 13 14 15 16 | 16.2
Throwing       | 3 4 |  4.0
Fighting       | 3 4 6 7 |  7.1
Dodging        | 2 5 6 |  6.5
Invocations    | 3 4 |  4.5
Evocations     | 3 |  3.3

Action                   |  1- 3 |  4- 6 |  7- 9 || total
-------------------------+-------+-------+-------++-------
Melee: Dagger            |     8 |    16 |       ||    24
       Punch             |       |     2 |     2 ||     4
       Rapier            |       |     6 |    25 ||    31
 Abil: Evoke Invisibilit |       |     1 |     1 ||     2
  Use: Potion            |       |     1 |       ||     1
 Stab: Sleeping          |     4 |     2 |     1 ||     7
       Invisible         |       |     1 |       ||     1
Dodge: Dodged            |       |     7 |    20 ||    27

Table legend: (Time is in decaauts)
 A = Elapsed time spent in this place.
 B = Non-inter-level travel time spent in this place.
 C = Inter-level travel time spent in this place.
 D = Time resting spent in this place.
 E = Time spent auto-exploring this place.
 F = Levels seen in this place.
 G = Mean time per level.
                   A        B        C        D        E       F      G
               +--------+--------+--------+--------+--------+-----+--------+
         Total |    909 |    893 |     16 |    616 |      0 |   1 |  909.0 |
       Dungeon |    909 |    893 |     16 |    616 |      0 |   1 |  909.0 |
               +--------+--------+--------+--------+--------+-----+--------+

Top non-repeatable levels by time:
       D: 909 daAuts
